 Dungeon Crawl Stone Soup version 0.29.1-2-gbd0b4ee654 (webtiles) character file.

Game seed: 11408860937285426065

3 MisterFreud the Twirler (level 1, 0/16 HPs)
             Began as a Formicid Gladiator on Oct 24, 2022.
             Slain by a ball python (1 damage)
             ... on level 1 of the Dungeon.
             The game lasted 00:00:13 (68 turns).

MisterFreud the Twirler (Formicid Gladiator)          Turns: 68, Time: 00:00:14

Health: 0/16       AC:  3    Str: 18    XL:     1   Next: 55%
Magic:  1/1        EV:  9    Int:  7    God:
Gold:   23         SH:  0    Dex: 15    Spells: 0/0 levels left

rFire   . . .      SeeInvis +   a - +0 quarterstaff
rCold   . . .      Faith    .   (no shield)
rNeg    . . .      Spirit   .   b - +0 leather armour
rPois   .          Reflect  .   (helmet unavailable)
rElec   .          Harm     .   (no cloak)
rCorr   .          Rampage  .   (no gloves)
Will    .....                   (no boots)
Stlth   +.........              (no amulet)
HPRegen 0.05/turn               (no ring)
MPRegen 0.07/turn               (no ring)

@: constricted
A: permanent stasis, dig shafts and tunnels, antennae 3, four strong arms
a: Dig, Shaft Self


You were on level 1 of the Dungeon.
You visited 1 branch of the dungeon, and saw 1 of its levels.

You collected 23 gold pieces.

Inventory:

Hand Weapons
 a - a +0 quarterstaff (weapon)
Missiles
 c - 3 throwing nets (quivered)
 d - a javelin
 e - 4 poisoned darts
Armour
 b - a +0 leather armour (worn)


   Skills:
 - Level 2.1 Fighting
 + Level 3.2 Staves
 - Level 2.0 Throwing
 - Level 2.6 Dodging


You couldn't memorise any spells.
You didn't know any spells.
Your spell library was empty.

Dungeon Overview and Level Annotations

Branches:
Dungeon (1/15)

Altars:


Innate Abilities, Weirdness & Mutations

You cannot be hasted, slowed, berserked, paralysed or teleported.
You can dig through walls and to a lower floor.
You have a pair of large antennae on your head. (SInv)
Your four strong arms can wield two-handed weapons with a shield.


Message History

You barely miss the frilled lizard. The frilled lizard misses you.
The ball python bites you. The ball python misses you.
The frilled lizard barely misses you.
There are monsters nearby!
You hit the frilled lizard.
You kill the frilled lizard!
The ball python barely misses you. x3; The ball python misses you.
There are monsters nearby!
You barely miss the ball python.
The ball python bites you but does no damage.
The ball python grabs you. The ball python constricts you.
There are monsters nearby!
You closely miss the ball python. The ball python closely misses you.
The ball python constricts you.
There are monsters nearby!
You barely miss the ball python. The ball python closely misses you.
The ball python constricts you.
The endoplasm hits you but does no damage.
The ball python misses you. The ball python constricts you.
There are monsters nearby!
You barely miss the ball python. The endoplasm hits you.
The ball python bites you but does no damage.
The ball python constricts you.
There are monsters nearby!
You hit the ball python.
The ball python is severely wounded.
The ball python barely misses you. The ball python constricts you.
The endoplasm hits you.
There are monsters nearby!
You are too injured to fight recklessly!
There are monsters nearby!
There are monsters nearby!
You closely miss the ball python.
The ball python is severely wounded.
The ball python misses you. The ball python constricts you.
The endoplasm freezes you.
You are frozen.
* * * LOW HITPOINT WARNING * * *
The ball python bites you.
You die...

####### ......
.#...# .. #######
##...#
..##.....#######...#
.................(#
#.......######.##
##......# #@J#
#......# #.†.S......
#.....## #...#.#.#.#
###.### #..#........
#..## #.##.#.#.#.#
#...###.##.......(
#.#....>##.#$#.#.#
##.....#.##........
#####..)##.#.##


You could see an endoplasm and a ball python.

Vanquished Creatures
  2 goblins (D:1)
  A frilled lizard (D:1)
3 creatures vanquished.

Notes
Turn   | Place    | Note
-------+----------+-------------------------------------------
     0 | D:1      | MisterFreud the Formicid Gladiator began the quest for the
                  | Orb.
     0 | D:1      | Reached XP level 1. HP: 16/16 MP: 1/1
    68 | D:1      | Slain by a ball python

Illustrated notes

Levels and vault maps discovered:
D:1:      pf_arrival_petrified_forest, layout_basic,
          shapermc_ecumenical_altar_hornbeckon, chequers_arboretum,
          glass_columns_b, glass_columns_c

Action                   || total
-------------------------++-------
Melee: Quarterstaff      ||    14
Armor: Leather armour    ||     5
Dodge: Dodged            ||    17
